 Dungeon Crawl Stone Soup version 0.18.1-50-g88ac8fd (webtiles) character file.

312 spiff the Slasher (level 6, 0/43 HPs)
             Began as a Halfling Warper on Sept 29, 2016.
             Succumbed to a water moccasin's poison
             ... on level 4 of the Dungeon.
             The game lasted 00:10:38 (3899 turns).

spiff the Slasher (Halfling Warper)                 Turns: 3899, Time: 00:10:39

Health: 0/43       AC:  5    Str: 11    XL:     6   Next: 71%
Magic:  1/8        EV: 14    Int: 13    God:
Gold:   201        SH:  0    Dex: 15    Spells: 3 memorised, 3 levels left

rFire  + . .     SeeInvis .     a - +1 falchion
rCold  x . .     Gourm    .     b - +0 leather armour
rNeg   . . .     Faith    .     (shield restricted)
rPois  .         Spirit   +     (no helmet)
rElec  .         Dismiss  .     (no cloak)
rCorr  .         Reflect  .     i - +1 pair of gloves
SustAt .         Harm     .     (no boots)
MR     .....                    q - amulet of guardian spirit
Stlth  +.........               (no ring)
                                j - ring of fire

@: lethally poisoned (0 -> -20), not resistant to hostile enchantments, very
unstealthy
A: mutation resistance 1
a: no special abilities


You were on level 4 of the Dungeon.
You were hungry.

You visited 1 branch of the dungeon, and saw 4 of its levels.

You collected 201 gold pieces.

Inventory:

Hand Weapons
 a - a +1 falchion (weapon)
 y - a +0 blowgun
Missiles
 e - 5 tomahawks of dispersal (quivered)
 z - 10 poisoned needles
Armour
 b - a +0 leather armour (worn)
 i - a +1 pair of gloves (worn)
 D - a +1 chain mail of cold resistance
Jewellery
 j - a ring of fire (left hand)
 q - an amulet of guardian spirit (around neck)
 C - an uncursed amulet of magic regeneration
Wands
 t - a wand of enslavement (8/24)
 v - a wand of confusion (43/48)
Scrolls
 d - a scroll of blinking
 h - 2 scrolls of enchant armour {unknown}
 m - 3 scrolls of amnesia
 r - a scroll of teleportation
Potions
 k - a potion of brilliance
 n - 2 potions of invisibility
 p - a potion of heal wounds
 x - a potion of ambrosia
 A - a potion of berserk rage {unknown}
Books
 c - a book of Spatial Translocations

   Spells                             Type                      Level
   a - Apportation                    Translocation                1
   b - Blink                          Translocation                2
   c - Shroud of Golubria             Charms/Translocation         2
   d - Portal Projectile              Translocation                3
   e - Teleport Other                 Translocation                3
   f - Passage of Golubria            Translocation                4
Comestibles
 f - 8 bread rations
 g - 2 meat rations
 s - a slice of pizza
 u - 3 fruits
 w - 2 chunks of flesh


   Skills:
 + Level 4.2 Fighting
 - Level 5.0 Long Blades
 - Level 1.1 Throwing
 - Level 1.1 Armour
 - Level 2.1 Dodging
 - Level 1.5 Spellcasting
 - Level 3.2 Translocations


You had 3 spell levels left.
You knew the following spells:

 Your Spells              Type           Power        Failure   Level  Hunger
a - Apportation           Tloc           #.........   12%         1    ##.....
b - Blink                 Tloc           N/A          14%         2    ###....
q - Shroud of Golubria    Chrm/Tloc      #.........   28%         2    ###....


Dungeon Overview and Level Annotations

Branches:
Dungeon (4/15)
 Temple: D:4-7

Altars:

Shops:
D:4 *


Innate Abilities, Weirdness & Mutations

You are small and have problems with some larger weapons.
You are somewhat resistant to further mutation.


Message History

Drink which item? (? for menu, Esc to quit)
You feel better.
The water moccasin completely misses you.
The water moccasin bites you.
You are poisoned.
The water moccasin poisons you!
You slash the water moccasin!
The water moccasin is severely wounded.
You feel sick. The water moccasin bites you.
* * * LOW HITPOINT WARNING * * *
The water moccasin bites you!
* * * LOW HITPOINT WARNING * * *
You are more poisoned.
The water moccasin poisons you! The water moccasin bites you.
* * * LOW HITPOINT WARNING * * *
The water moccasin closely misses you.
You slash the water moccasin!
You kill the water moccasin!
Your Fighting skill increases to level 4!
You die...

#.÷##...............
#..##......(.>......
#.##...#............
#....###+###.#......
######.....#...##.#......
#......#.#.#.∩.#.........
#..###.#.###...#..#......
.
#.##...#.####S##.<###.##.
.###....###....†@##.<.# #
##....### #####..####.#
...#.## ##..# .# .##..#
##.# .# ##..## #.# .#
...## #.###.# ####
#...#(. # ###.### #..###


You could see a water moccasin.

Vanquished Creatures
  A water moccasin (D:4)
  A hound (D:4)
  Ijyb (D:3)
  4 adders
  An ooze (D:1)
  4 worms
  A dart slug (D:3)
  3 giant geckos
  2 orcs
  3 ball pythons
  10 bats
  4 giant cockroaches
  6 goblins
  6 hobgoblins
  13 jackals
  2 quokkas
  9 giant newts
  9 kobolds
  10 rats
90 creatures vanquished.

Vanquished Creatures (others)
  A gnoll shaman (D:4)
  An iguana (D:4)
  An ooze (D:4)
  2 orcs (D:4)
5 creatures vanquished.

Grand Total: 95 creatures vanquished

Notes
Turn   | Place    | Note
--------------------------------------------------------------
     0 | D:1      | spiff the Halfling Warper began the quest for the Orb.
     0 | D:1      | Reached XP level 1. HP: 14/14 MP: 3/3
   153 | D:1      | Reached XP level 2. HP: 15/19 MP: 4/4
   220 | D:1      | Learned a level 2 spell: Shroud of Golubria
   449 | D:1      | Reached skill level 3 in Long Blades
   896 | D:1      | Reached XP level 3. HP: 19/24 MP: 0/5
  1555 | D:2      | Learned a level 2 spell: Blink
  1559 | D:2      | Reached skill level 4 in Long Blades
  1559 | D:2      | Reached XP level 4. HP: 29/29 MP: 6/6
  2290 | D:3      | Noticed Ijyb
  2314 | D:3      | Killed Ijyb
  2651 | D:3      | Reached XP level 5. HP: 34/34 MP: 7/7
  2892 | D:3      | Reached skill level 5 in Long Blades
  3691 | D:4      | Reached XP level 6. HP: 27/42 MP: 4/8
  3887 | D:4      | Found Bigom's Serpentskin Sales.
  3887 | D:4      | Noticed a water moccasin
  3887 | D:4      | Noticed a water moccasin
  3898 | D:4      | HP: 2/42 [water moccasin (4)]
  3899 | D:4      | Killed a water moccasin
  3899 | D:4      | Succumbed to a water moccasin's poison

Skill      XL: |  1  2  3  4  5  6 |
---------------+-------------------+-----
Long Blades    | 3 4 5 |  5.0
Fighting       | 3 4 |  4.2
Throwing       | |  1.1
Armour         | |  1.1
Dodging        | |  2.1
Spellcasting   | |  1.5
Translocations | |  3.2

Action                   |  1- 3 |  4- 6 || total
-------------------------+-------+-------++-------
Melee: Falchion          |   122 |   249 ||   371
 Cast: Shroud of Golubri |     6 |    14 ||    20
  Use: Scroll            |     6 |     8 ||    14
       Potion            |     1 |     2 ||     3
  Eat: Chunk             |     3 |     9 ||    12
Armor: Leather armour    |    31 |    71 ||   102
Dodge: Dodged            |   112 |   189 ||   301
